 Dungeon Crawl Stone Soup version 0.31-a0-1206-g41278d8d1d (webtiles) character file.

Game seed: 14269649309207280193

7 BubbleThief the Grave Robber (level 1, -1/13 HPs)
             Began as a Demonspawn Necromancer on Dec 14, 2023.
             Slain by a quokka (2 damage)
             ... on level 1 of the Dungeon.
             The game lasted 00:00:39 (268 turns).

BubbleThief the Grave Robber (DsNe)                  Turns: 268, Time: 00:00:39

Health: -1/13      AC:  2    Str:  8    XL:     1   Next: 91%
Magic:  1/3        EV: 12    Int: 15    God:
Gold:   0          SH:  0    Dex: 13    Spells: 3/4 levels left

rFire   . . .        d - +0 dagger
rCold   . . .        (no shield)
rNeg    . . .        a - +0 robe
rPois   .            (no helmet)
rElec   .            (no cloak)
rCorr   .            (no gloves)
SInv    .            (no boots)
Will    .....        (no amulet)
Stlth   ++           (no ring)
HPRegen 0.22/turn    (no ring)
MPRegen 0.08/turn

%: no passive effects
@: no status effects
A: no striking features
a: no special abilities


You were on level 1 of the Dungeon.
You visited 1 branch of the dungeon, and saw 1 of its levels.

Inventory:

Hand Weapons
 d - a +0 dagger (weapon)
Armour
 a - a +0 robe (worn)
Scrolls
 f - a scroll of brand weapon {unknown}
Potions
 b - a potion of magic
 c - a potion of curing {unknown}
 e - a potion of heal wounds {unknown}


   Skills:
 - Level 1.7 Dodging
 - Level 1.7 Stealth
 + Level 2.2 Spellcasting
 * Level 4.7 Necromancy


You had 3 spell levels left.
You knew the following spells:

 Your Spells              Type           Power      Damage    Failure   Level
a - Necrotise             Necr           60%        1d7       3%          1

Your spell library contained the following spells:

 Spells                   Type           Power      Damage    Failure   Level
 Vampiric Draining        Necr           15%        2d7       10%         3
 Animate Dead             Necr           15%        N/A       30%         4
 Agony                    Necr           15%        N/A       65%         5


Dungeon Overview and Level Annotations

Branches:
Dungeon (1/15)

Altars:

Shops:
D:1 (


Message History

Unknown command.
Aiming: Necrotise (safe; 3% risk of failure)
Press: ? - help, Q - select action Shift-Dir - straight line, f/p - quokka
Aim: a quokka (heavily wounded, ally target, chance to affect: 85%)
The quokka barely resists.
Unknown command.
You don't have enough magic to cast this spell.
You don't have enough magic to cast this spell.
Unknown command.
You hit the quokka but do no damage.
The quokka is heavily wounded.
The quokka barely misses you.
You hit the quokka.
The quokka is almost dead.
The quokka barely misses you.
Your kobold skeleton hits the quokka but does no damage.
You miss the quokka. Your punch misses the quokka.
The quokka is almost dead.
The quokka bites you. The quokka closely misses you.
You completely miss the quokka.
The quokka is almost dead.
Your kobold skeleton barely misses the quokka.
The quokka bites you.
You barely miss the quokka.
The quokka is almost dead.
The quokka closely misses you.
Your kobold skeleton hits the quokka but does no damage.
You closely miss the quokka.
The quokka is almost dead.
The quokka bites you.
Your kobold skeleton barely misses the quokka.
You miss the quokka.
The quokka is almost dead.
The quokka bites you.
Your kobold skeleton misses the quokka.
You miss the quokka.
The quokka is almost dead.
The quokka bites you.
* * * LOW HITPOINT WARNING * * *
The quokka bites you.
You die...

####### #########
#.....# ........#
#.....# ......).#
#.....# ### ......).#
#.....# #..
......Z.###.....######..
......r@................
........###.....######..
........# #.....# #..
........# #.....######..
......... #.....#.......
#####.... ##...##.......
#.... #...##.......
#...). ######.......
#.......


You could see a quokka (ally target) and a friendly kobold skeleton.

Vanquished Creatures
  2 bats (D:1)
  2 kobolds (D:1)
  A quokka (D:1)
  A goblin (D:1)
6 creatures vanquished.

Vanquished Creatures (collateral kills)
  A rat (D:1)
1 creature vanquished.

Grand Total: 7 creatures vanquished

Notes
Turn   | Place    | Note
-------+----------+-------------------------------------------
     0 | D:1      | BubbleThief the Demonspawn Necromancer began the quest for
                  | the Orb.
     0 | D:1      | Reached XP level 1. HP: 13/13 MP: 3/3
   102 | D:1      | Found Kiussag's Weapon Boutique.
   268 | D:1      | Slain by a quokka

Illustrated notes

Levels and vault maps discovered:
D:1:      amcnicky_arrival_single_pillar, layout_basic, serial_shops,
          nicolae_shop_real_fake_doors, ebering_dispersal_statue_hall

Action                     || total
---------------------------++-------
  Melee: Dagger            ||     8
   Cast: Necrotise         ||     9
 Armour: Robe              ||     6
  Dodge: Dodged            ||     4

Table legend: (Time is in decaauts)
 A = Elapsed time spent in this place.
 B = Non-inter-level travel time spent in this place.
 C = Inter-level travel time spent in this place.
 D = Time resting spent in this place.
 E = Time spent auto-exploring this place.
 F = Levels seen in this place.
 G = Mean time per level.
                   A        B        C        D        E       F      G
               +--------+--------+--------+--------+--------+-----+--------+
         Total |    267 |    267 |      0 |      0 |    222 |   1 |  267.0 |
       Dungeon |    267 |    267 |      0 |      0 |    222 |   1 |  267.0 |
               +--------+--------+--------+--------+--------+-----+--------+

Top non-repeatable levels by time:
     D:1: 267 daAuts
